 Dungeon Crawl Stone Soup version 0.32-a0-361-g289a535e89 (console) character file.

Game seed: 5590097704301520172

1907052 elliptic the Slayer (level 25, 287/287 HPs)
             Began as a Troll Delver on Feb 17, 2024.
             Was the Champion of Nemelex Xobeh.
             Escaped with the Orb
             ... and 3 runes
             ... and 1 gem on Feb 19, 2024!
             The game lasted 03:24:21 (57386 turns).

elliptic the Slayer (Troll Delver)                 Turns: 57386, Time: 03:24:21

Health: 287/287    AC: 33    Str: 47    XL:     25   Next: 52%
Magic:  13/34      EV:  7    Int:  3    God:    Nemelex Xobeh [******]
Gold:   137        SH: 15    Dex: 11    Spells: 24/24 levels left

rFire   + +          .
                       - Unarmed
rCold   + + +        P - +5 kite shield {reflect}
rNeg    + + +        K - +12 gold dragon scales {nodragon}
rPois   inf          L - -2 hat of the Alchemist {rElec rPois rF+ rC+ rN+ Will+ rMut rCorr}
rElec   +            y - +2 cloak of the Teacher {Regen+ SInv}
rCorr   +            (gloves unavailable)
SInv    +            (boots unavailable)
Will    +++++        Y - necklace of Bloodlust {Fury *Rage Will++ Int-3 Slay+6} Stlth
                     E - +6 ring of strength
HPRegen 2.27/turn    e - +6 ring of strength
MPRegen 0.24/turn

%: reflection, clarity, resist mutation
@: death-form, on siphon cooldown, studying Air Magic
A: vile attack, torment immunity, no potions, large, unfitting armour, claws 3,
regeneration 1, shaggy fur 1, tough skin 1, clarity, MP-powered wands
0: Orb of Zot
}: 3/15 runes: barnacled, silver, gossamer
a: Siphon Essence, Begin Untransformation, Renounce Religion, Draw Escape, Draw
Destruction, Draw Summoning, Draw Stack, Triple Draw, Deal Four, Stack Five


You escaped.
You worshipped Nemelex Xobeh.
Nemelex Xobeh was exalted by your worship.
You were an undying horror.
You visited 11 branches of the dungeon, and saw 51 of its levels.
You also visited: Trove, Sewer and Bailey.

You collected 6643 gold pieces.
You spent 6506 gold pieces at shops.


Innate Abilities, Weirdness & Mutations

You are an undying horror.
Your melee and unarmed attacks drain, slow and weaken victims.
You are immune to unholy pain and torment.
You cannot drink.
You are immune to poison.
You are too large for most types of armour.
You have claws for hands.
Your natural rate of healing is unusually fast.
You are covered in fur. (AC +1)
You have tough skin. (AC +1)
You possess an exceptional clarity of mind.
You expend magic power (3 MP) to strengthen your wands.


   Skills:
 + Level 23.3 Fighting
 - Level 11.1 Armour
 - Level 5.0 Dodging
 - Level 2.7 Stealth
 - Level 9.0 Shields
 - Level 20.5 Unarmed Combat
 - Level 16.3 Invocations
 - Level 23.0 Shapeshifting


You had 24 spell levels left.
You didn't know any spells.
Your spell library contained the following spells:

 Spells                   Type           Power      Damage    Failure   Level
 Apportation              Tloc           0%         N/A       100%        1
 Freeze                   Ice            0%         1d3       100%        1
 Magic Dart               Conj           0%         1d3       100%        1
 Necrotise                Necr           0%         1d4       100%        1
 Sandblast                Erth           0%         2d4       100%        1
 Slow                     Hex            0%         N/A       100%        1
 Sting                    Conj/Alch      0%         1d3       100%        1
 Summon Small Mammal      Summ           0%         N/A       100%        1
 Blink                    Tloc           0%         N/A       100%        2
 Call Imp                 Summ           0%         N/A       100%        2
 Cigotuvi's Dreadful Rot  Necr/Alch/Air  0%         N/A       100%        2
 Ensorcelled Hibernation  Hex/Ice        0%         N/A       100%        2
 Searing Ray              Conj           0%         2d4       100%        2
 Static Discharge         Conj/Air       0%         3-3/arc   100%        2
 Call Canine Familiar     Summ           0%         N/A       100%        3
 Confusing Touch          Hex            0%         N/A       100%        3
 Dazzling Flash           Conj/Hex       0%         N/A       100%        3
 Frozen Ramparts          Ice            0%         1d1       100%        3
 Fugue of the Fallen      Necr           0%         N/A       100%        3
 Hailstorm                Conj/Ice       0%         3d5       100%        3
 Mephitic Cloud           Conj/Alch/Air  0%         N/A       100%        3
 Ozocubu's Armour         Ice            0%         N/A       100%        3
 Passwall                 Erth           0%         N/A       100%        3
 Sigil of Binding         Hex            0%         N/A       100%        3
 Stone Arrow              Conj/Erth      0%         3d7       100%        3
 Summon Ice Beast         Ice/Summ       0%         N/A       100%        3
 Swiftness                Air            0%         N/A       100%        3
 Tukima's Dance           Hex            0%         N/A       100%        3
 Vampiric Draining        Necr           0%         2d6       100%        3
 Volatile Blastmotes      Fire/Tloc      0%         2d10      100%        3
 Anguish                  Hex/Necr       0%         N/A       100%        4
 Animate Dead             Necr           0%         N/A       100%        4
 Brom's Barrelling Bould  Conj/Erth      0%         2d3       100%        4
 Cause Fear               Hex            0%         N/A       100%        4
 Dimensional Bullseye     Hex/Tloc       0%         N/A       100%        4
 Dispel Undead            Necr           0%         3d6       100%        4
 Fulminant Prism          Conj/Alch      0%         3d5       100%        4
 Ignite Poison            Fire/Alch      0%         N/A       100%        4
 Leda's Liquefaction      Alch/Erth      0%         N/A       100%        4
 Manifold Assault         Tloc           0%         N/A       100%        4
 Martyr's Knell           Necr/Summ      0%         N/A       100%        4
 Olgreb's Toxic Radiance  Alch           0%         N/A       100%        4
 Passage of Golubria      Tloc           0%         N/A       100%        4
 Petrify                  Alch/Erth      0%         N/A       100%        4
 Sticky Flame             Fire/Alch      0%         2d4       100%        4
 Summon Blazeheart Golem  Fire/Summ      0%         N/A       100%        4
 Vhi's Electric Charge    Tloc/Air       0%         N/A       100%        4
 Arcjolt                  Conj/Air       0%         1d10      100%        5
 Curse of Agony           Necr           0%         N/A       100%        5
 Fireball                 Conj/Fire      0%         3d3       100%        5
 Iskenderun's Battlesphe  Conj           0%         2d6       100%        5
 Lee's Rapid Deconstruct  Erth           0%         3d4*      100%        5
 Metabolic Englaciation   Hex/Ice        0%         N/A       100%        5
 Silence                  Hex/Air        0%         N/A       100%        5
 Summon Forest            Summ/Tloc      0%         N/A       100%        5
 Summon Mana Viper        Hex/Summ       0%         N/A       100%        5
 Yara's Violent Unravell  Hex/Alch       0%         3d3       100%        5
 Bombard                  Conj/Erth      0%         9d1       100%        6
 Conjure Ball Lightning   Conj/Air       0%         3x3d6     100%        6
 Death Channel            Necr           0%         N/A       100%        6
 Eringya's Noxious Bog    Alch           0%         4d6       100%        6
 Plasma Beam              Fire/Air       0%         2x1d10    100%        6
 Starburst                Conj/Fire      0%         6d3       100%        6
 Enfeeble                 Hex            0%         N/A       100%        7
 Haunt                    Necr/Summ      0%         N/A       100%        7
 Malign Gateway           Summ/Tloc      0%         N/A       100%        7
 Orb of Destruction       Conj           0%         9d5       100%        7
 Ozocubu's Refrigeration  Ice            0%         4d7       100%        7
 Spellforged Servitor     Conj/Summ      0%         N/A       100%        7
 Summon Hydra             Summ           0%         N/A       100%        7
 Discord                  Hex            0%         N/A       100%        8
 Ignition                 Fire           0%         3d3       100%        8
 Infestation              Necr           0%         N/A       100%        8
 Maxwell's Capacitive Co  Air            0%         death     100%        8
 Summon Horrible Things   Summ           0%         N/A       100%        8
 Chain Lightning          Conj/Air       0%         N/A       100%        9
 Fire Storm               Conj/Fire      0%         5d1       100%        9
 Shatter                  Erth           0%         3d5*      100%        9

Inventory:

Missiles
 U - 5 curare-tipped darts (quivered)
Armour
 y - the +2 cloak of the Teacher (worn) {Regen+ SInv}
   (You found it on level 5 of the Vaults)

   SInv:      It lets you see invisible.
   Regen+:    It increases your rate of health regeneration.
 K - +12 gold dragon scales (worn) {nodragon}
 L - the -2 hat of the Alchemist (worn) {rElec rPois rF+ rC+ rN+ Will+ rMut rCorr}
   (You bought it in a shop on level 2 of the Elven Halls)

   rF+:       It protects you from fire.
   rC+:       It protects you from cold.
   rElec:     It insulates you from electricity.
   rPois:     It protects you from poison rN+: It protects you from negative
   energy.
   Will+:     It increases your willpower.
   rCorr:     It protects you from acid and corrosion.
   rMut:      It protects you from mutation.
 O - +0 gold dragon scales
 P - a +5 kite shield of reflection (worn)
Jewellery
 a - the ring of Appuemme {Fly rElec rN++ Dex-2 Slay+3}
   (You found it in a treasure trove)

   [ring of flight]

   Dex-2:     It affects your dexterity (-2).
   Slay+3:    It affects your accuracy & damage with ranged weapons and melee
   (+3).
   rElec:     It insulates you from electricity.
   rN++:      It greatly protects you from negative energy.
   Fly:       It grants you flight.
 d - the ring "Kifudor" {rPois rF+ rC+}
   (You found it on level 2 of the Depths)

   [ring of poison resistance]

   rF+:       It protects you from fire.
   rC+:       It protects you from cold.
   rPois:     It protects you from poison
 e - a +6 ring of strength (right claw)
 l - a +6 ring of intelligence
 u - the amulet of Lashreut {Regen+ Int-2 Slay+4}
   (You took it off a tengu reaver on level 3 of the Depths)

   [amulet of regeneration]

   Int-2:     It affects your intelligence (-2).
   Slay+4:    It affects your accuracy & damage with ranged weapons and melee
   (+4).
   Regen+:    It increases your rate of health regeneration.
 x - a ring of see invisible
 D - a ring of protection from cold
 E - a +6 ring of strength (left claw)
 N - the ring of Kathenotheism {+Blink Will+ Str+4}
   (You found it in a treasure trove)

   [ring of willpower]

   Str+4:     It affects your strength (+4).
   Will+:     It increases your willpower.
   +Blink:    It lets you blink.
 S - the amulet of the Tempest {Acrobat Rampage +Blink rPois Will++}
   (You bought it in a shop on level 2 of the Orcish Mines)

   [amulet of the acrobat]

   Acrobat:   It increases your evasion while moving and waiting.
   rPois:     It protects you from poison Will++: It greatly increases your
   willpower.
   +Blink:    It lets you blink.
   Rampage:   It bestows one free step when moving towards enemies.
 T - a ring of protection from fire
 V - the amulet of Udaak {Rampage Regen+ Dex+3}
   (You found it in a treasure trove)

   [amulet of regeneration]

   Dex+3:     It affects your dexterity (+3).
   Regen+:    It increases your rate of health regeneration.
   Rampage:   It bestows one free step when moving towards enemies.
 W - the ring of Wochupun {^Contam rPois Dex+6}
   (You found it in a treasure trove)

   [ring of poison resistance]

   Dex+6:     It affects your dexterity (+6).
   rPois:     It protects you from poison ^Contam: It causes magical
   contamination when unequipped.
 X - the ring of Kagit {Ice MP+9 Str+2 Dex+3}
   (You found it in a treasure trove)

   [ring of ice]

   Ice:       It enhances your ice magic.
   Str+2:     It affects your strength (+2).
   Dex+3:     It affects your dexterity (+3).
   rF-:       It makes you vulnerable to fire.
   rC+:       It protects you from cold.
   MP+9:      It affects your magic capacity (+9).
 Y - the necklace of Bloodlust (around neck) {Fury *Rage Will++ Int-3 Slay+6}
   (You found it in a treasure trove)

   [amulet of nothing]

   Fury:      It extends the wearer's berserk rage when killing foes.
   Int-3:     It affects your intelligence (-3).
   Slay+6:    It affects your accuracy & damage with ranged weapons and melee
   (+6).
   Will++:    It greatly increases your willpower.
   *Rage:     It berserks you when you make melee attacks (+50% chance).
 Z - the amulet "Ohirefo" {Rampage ^Drain rN++ Regen+ rCorr}
   (You found it in a treasure trove)

   [amulet of regeneration]

   rN++:      It greatly protects you from negative energy.
   Regen+:    It increases your rate of health regeneration.
   rCorr:     It protects you from acid and corrosion.
   ^Drain:    It drains your maximum health when unequipped.
   Rampage:   It bestows one free step when moving towards enemies.
Talismans
 g - a storm talisman
 n - a talisman of death (active)
 Q - a granite talisman
Wands
 f - a wand of digging (38)
 k - a wand of quicksilver (22)
 J - a wand of iceblast (52)
Scrolls
 b - 9 scrolls of fog
 c - 3 scrolls of fear
 h - 35 scrolls of teleportation
 A - 5 scrolls of blinking
 B - 7 scrolls of poison
 C - 2 scrolls of summoning
 H - 5 scrolls of silence {!r}
 I - 3 scrolls of enchant armour
 R - 2 scrolls of revelation
Potions
 i - 7 potions of attraction
 j - 3 potions of resistance
 m - 26 potions of curing
 o - 5 potions of cancellation
 p - 11 potions of mutation {!q}
 q - 8 potions of invisibility
 r - 10 potions of brilliance
 s - 19 potions of ambrosia
 t - 16 potions of haste
 v - 19 potions of heal wounds
 w - 13 potions of might
 z - 4 potions of magic
 F - 15 potions of enlightenment
 M - a potion of berserk rage {!q}
Miscellaneous
 G - a lightning rod (4/4)


Message History

You see here a hound skeleton.
Magic restored.
There is a stone staircase leading up, spattered with blood here.
You climb upwards.
There is a stone staircase leading down here.
There is a transporter landing site here.
A reaper comes into view. It is wielding a +3 scythe of flaming.
There is a stone staircase leading up, spattered with blood here.
The reaper closely misses you.
You climb upwards.
There is a stone staircase leading down, spattered with blood here.
A reaper comes into view. It is wielding a +4 scythe of flaming.
You see here a hobgoblin skeleton.
There is a stone staircase leading up here.
You climb upwards.
There is a stone staircase leading down here.
Things that are here:
a +0 club; a gnoll skeleton You see here a hobgoblin skeleton.
You see here a +0 flail.
You see here a +0 spear.
Things that are here:
a +0 ring mail; a +0 club; an orc skeleton
Things that are here:
an adder skeleton; a rat skeleton
There is a stone staircase leading up here.
You climb upwards.
There is a stone staircase leading down here.
There is an escape hatch in the ceiling here.
You cannot drink potions in your current state!
A mysterious force pulls you upwards. The hatch slams shut behind you.
Aiming: Dig
Press: ? - help, Shift-Dir - straight line, f - you Please select a direction to dig.
This square is covered in magical glow.
You feel a surge of power!
The rock shatters into small pieces.
There is a staircase leading out of the dungeon here.
There are no victims visible.
Siphon anyway?
Nothing appears to happen.
You have escaped!

#.....#..###..............
#.....#..#........##...#.#
#.................##.##..#
#...#######......##.......
#...#.....#......#...###.#
#...#.....#........#.###.# ######
#...#..##.#(##.#..#..#...#
.#...###...#..#..#..#......##.###
......##...#....z#..#....###.>#
.........#.##.#.##..#........##
....%.........#.....#.#....###
....)....#.#..#.....#.#....#
..............####.##.#....#
.#...###..............#....#
####.......................#
#######.##....##...#....#
###.........##.#.#....#


There were no monsters in sight!

Vanquished Creatures
  A dread lich (Zot:5)
  An ancient lich (Vaults:5)
  2 orbs of fire (Zot:5)
  7 Killer Klowns (Zot:5)
  Parghit (Depths:4)
  A curse toe (Zot:2)
  Margery (Depths:4)
  2 caustic shrikes
  12 golden dragons
  Norris (Vaults:4)
  A bone dragon (Crypt:3)
  2 Brimstone Fiends
  A Tzitzimitl (Zot:5)
  A profane servitor (Crypt:3)
  6 tentacled monstrosities
  3 electric golems
  The ghost of Livid the Hoplite, an adept FoFi of Yredelemnul (Shoals:1)
  A hellephant (Depths:4)
  23 Orb Guardians
  3 deep elf blademasters
  Asterion (Elf:1)
  11 liches
  A deep elf master archer (Elf:2)
  10 titans
  Polyphemus (Shoals:2)
  An Executioner (Zot:5)
  3 sphinxes
  3 quicksilver dragons
  Frances (Spider:1)
  5 shadow dragons
  A kraken (Shoals:3)
  Gastronok (Lair:3)
  A tentacled starspawn (D:14)
  3 death cobs (Zot:5)
  9 ancient champions
  6 tengu reavers
  The ghost of Isko the Brawler, a journeyman TrSh of Ru (Spider:4)
  2 protean progenitors (Zot:2)
  Aizul (Shoals:3)
  A draconian monk (Zot:5)
  7 revenants
  9 storm dragons
  Ilsuiw (Shoals:3)
  Roxanne (Shoals:3)
  3 draconian knights
  A nagaraja (Depths:1)
  5 fire giants
  3 deep elf sorcerers (Elf:3)
  A draconian shifter (Zot:2)
  2 balrugs
  10 emperor scorpions
  5 frost giants
  5 ghost moths
  A deep elf elementalist (Elf:3)
  3 iron dragons
  A curse skull (Crypt:2)
  A cacodemon (Depths:1)
  4 orc warlords
  3 caustic shrike zombies
  10 ghouls
  2 draconian scorchers (Zot:5)
  2 spriggan defenders (Depths:4)
  23 vault wardens
  2 draconian annihilators
  15 ironbound preservers
  A juggernaut zombie (Depths:3)
  15 very ugly things
  3 broodmothers
  16 stone giants
  A caustic shrike skeleton (Depths:1)
  5 black draconians
  5 formless jellyfish
  4 ironbound thunderhulks
  12 deep elf death magi
  9 vampire knights
  7 deep elf annihilators
  5 green draconians
  4 deep elf demonologists
  5 war gargoyles
  A dire elephant (D:15)
  Azrael (D:15)
  A white draconian (Depths:4)
  5 purple draconians
  2 yellow draconians
  5 spark wasps
  The ghost of Pooter the Severer, a journeyman MiBe of Trog (Orc:2)
  11 red draconians
  7 eidola
  A blizzard demon (Depths:4)
  6 merfolk javelineers
  9 ettins
  10 jiangshi
  2 crystal guardians (Vaults:2)
  Josephine (D:12)
  14 yaktaur captains
  5 entropy weavers
  The ghost of pokeman the Eclecticist, a journeyman DEHW of Vehumet (D:14)
  6 deep elf high priests
  A spriggan zombie (Crypt:1)
  6 fire dragons
  17 merfolk impalers
  5 hydras
  3 rakshasas
  11 ice dragons
  3 peacekeepers
  5 great orbs of eyes
  3 ogre magi
  28 vault guards
  4 spriggan air magi
  6 boulder beetles
  4 merfolk aquamancers
  8 ironbound frosthearts
  The ghost of Azoth the Eclecticist, a journeyman DEAl of Yredelemnul (D:13)
  An alligator (Elf:3)
  A juggernaut simulacrum (Crypt:2)
  4 merfolk avatars
  2 death knights
  2 catoblepae
  2 jorogumos
  9 two-headed ogres
  2 satyrs
  3 tengu warriors
  16 dancing weapons
  2 death yaks (Shoals:1)
  A radroach (Spider:4)
  10 centaur warriors
  2 bennu skeletons (Crypt:1)
  A death scarab (Crypt:3)
  A hell hog (D:14)
  Urug (D:13)
  5 deep troll shamans (Depths:1)
  4 deep troll earth magi
  7 demonic crawlers
  9 vampire magi
  2 orc high priests
  2 thrashing horrors (Shoals:3)
  An occultist (Lair:5)
  4 spriggan berserkers
  3 hell knights (Depths:4)
  4 soul eaters
  3 spriggans (Depths:4)
  13 deep elf knights
  A storm dragon zombie (Crypt:2)
  2 titan skeletons
  5 sun demons
  3 salamander mystics (Depths:1)
  An emperor scorpion zombie (Crypt:3)
  10 pharaoh ants
  24 skeletal warriors
  4 shadow wraiths
  A sixfirhy (Lair:5)
  9 iron trolls
  8 skysharks
  32 deep trolls
  6 glowing orange brains
  10 flayed ghosts
  7 arcanists
  6 sea snakes
  13 orb spiders
  An orb spider (shapeshifter) (Vaults:5)
  3 bog bodies
  The ghost of dolphinbomb the Covert, a novice OpSh of Gozag (D:8)
  A shadow dragon zombie (Depths:3)
  A tengu zombie (Depths:1)
  3 deep elf archers
  18 harpies
  2 sun moths
  19 ironbound convokers
  A spriggan simulacrum (Crypt:1)
  8 orc knights
  21 deep elf pyromancers
  17 deep elf zephyrmancers
  A golden dragon skeleton (Crypt:1)
  An iron dragon zombie (Depths:3)
  9 steelbarb worms
  6 necromancers
  21 ugly things
  20 wolf spiders
  3 lindwurms (Vaults:2)
  9 phantasmal warriors
  A shining eye (Lair:5)
  An orange crystal statue (Depths:2)
  11 fauns
  11 salamanders
  2 orc sorcerers (Orc:2)
  A salamander (shapeshifter) (D:15)
  2 shining eyes (shapeshifter)
  The ghost of yey the Sneak, a novice OpSh (D:5)
  A frost giant zombie (Depths:3)
  Maurice (Orc:2)
  A fire giant skeleton (Depths:2)
  11 manticores
  5 cyclopes
  A fire giant zombie (Crypt:3)
  A shadow dragon skeleton (Crypt:3)
  9 elephants
  A meliai (Lair:5)
  2 worldbinders (Shoals:3)
  A black mamba (Lair:1)
  A large abomination (D:14)
  3 apocalypse crabs (Shoals:3)
  20 moths of wrath
  13 water nymphs
  8 merfolk sirens
  3 dire elephant zombies
  4 torpor snails
  2 water nymphs (shapeshifter)
  3 gargoyles
  An elephant (shapeshifter) (Spider:1)
  A smoke demon (Lair:5)
  A frost giant skeleton (Crypt:2)
  A naga mage (Depths:1)
  A naga skeleton (Crypt:1)
  A kobold demonologist (D:14)
  An orc zombie (Crypt:1)
  8 rime drakes
  14 vault sentinels
  A dire elephant skeleton (Crypt:3)
  A steelbarb worm zombie (Crypt:3)
  3 orange demons
  13 cane toads
  8 freezing wraiths
  A death yak zombie (Crypt:3)
  8 komodo dragons
  31 yaktaurs
  A hellion (D:14)
  3 efreet
  An ancient zyme (Shoals:3)
  A purple draconian skeleton (Crypt:1)
  2 ice devils
  A guardian mummy (D:14)
  A tormentor (Depths:4)
  2 tengu conjurers
  A spriggan skeleton (Depths:2)
  2 red devils
  13 merfolk
  2 polar bears (Lair:5)
  9 trolls
  2 queen bees
  A hydra zombie (Crypt:3)
  2 hellwings (D:8)
  5 hornets
  A tengu simulacrum (Depths:2)
  A sea snake skeleton (Crypt:3)
  A blink frog (shapeshifter) (D:13)
  17 blink frogs
  6 wind drakes
  A harpy skeleton (Crypt:2)
  2 ettin zombies (Depths:1)
  4 snapping turtles
  Prince Ribbit (D:5)
  7 dream sheep
  A raiju (shapeshifter) (Elf:1)
  3 air elementals (Shoals:4)
  27 tarantellas
  44 slime creatures
  23 jumping spiders
  A stone giant simulacrum (Crypt:2)
  A fire dragon skeleton (Crypt:1)
  46 water elementals
  Sigmund (D:4)
  2 shadows
  19 culicivoras
  17 humans
  3 vampires
  6 wyverns
  41 yaks
  4 wraiths
  5 basilisks
  A spectral kobold (Orc:2)
  21 fire elementals
  5 hogs (Elf:1)
  An unseen horror simulacrum (D:9)
  A merfolk zombie (Crypt:3)
  3 wargs
  2 redbacks (shapeshifter)
  67 redbacks
  Edmund (D:5)
  3 steam dragons
  Menkaure (D:4)
  An acid dragon (D:11)
  A water nymph zombie (Shoals:3)
  6 hell hounds
  10 water moccasins
  Duvessa (D:4)
  38 orc warriors
  5 black bears
  2 ice beasts (D:5)
  4 sky beasts
  A cane toad skeleton (Crypt:2)
  A tengu (shapeshifter) (D:14)
  5 boggarts (Vaults:1)
  14 laughing skulls
  8 ogres
  8 wolves
  A dream sheep skeleton (Crypt:2)
  11 centaurs
  3 phantoms
  A fire crab zombie (Crypt:1)
  4 kobold brigands
  15 bullfrogs
  A komodo dragon skeleton (Crypt:1)
  7 scorpions
  A yaktaur skeleton (Crypt:2)
  A naga simulacrum (Crypt:1)
  A gnoll sergeant (D:9)
  4 earth elementals
  6 wights
  A cyclops skeleton (Crypt:2)
  Dowan (D:4)
  A yak zombie (Crypt:1)
  A spectral ogre (Orc:2)
  31 killer bees
  7 howler monkeys
  An electric eel (D:12)
  A bombardier beetle (D:6)
  A black bear zombie (Crypt:2)
  7 hounds
  6 jellies
  18 orc priests
  A warg simulacrum (Orc:2)
  Crazy Yiuf (D:4)
  A gnoll bouda (D:6)
  A sleepcap (D:6)
  3 iguanas
  25 orc wizards
  4 hell rats (Lair:3)
  A spectral orc (Orc:2)
  17 adders
  11 gnolls
  An ogre simulacrum (Orc:2)
  8 river rats
  A shadow imp (D:6)
  A white imp (D:6)
  4 ufetubi (D:5)
  An iguana zombie (Crypt:3)
  An adder skeleton (Crypt:1)
  3 dart slugs
  2 ribbon worms
  53 orcs
  3 orc simulacra (Orc:2)
  12 ball pythons
  11 endoplasms
  7 giant cockroaches
  15 hobgoblins
  6 jackals (D:2)
  5 quokkas
  3 training dummies (Elf:1)
  5 bats
  2 frilled lizards
  9 goblins
  A jackal skeleton (D:6)
  39 kobolds
  A kobold skeleton (D:6)
  28 rats
  A rat skeleton (Crypt:1)
  A rat zombie (Crypt:3)
  An aspiring flesh (Zot:2)
  A starspawn tentacle (D:14)
  5 tentacles (Shoals:3)
2154 creatures vanquished.

Vanquished Creatures (collateral kills)
  A deep elf master archer (Elf:3)
  An azure jelly (Orc:2)
  A vault guard (Vaults:3)
  A radroach (Spider:1)
  4 dancing weapons
  A deep troll (Vaults:3)
  A mana viper (Lair:4)
  An orb spider (Spider:1)
  2 harpies (Shoals:3)
  A deep elf zephyrmancer (Elf:2)
  A deep elf pyromancer (Elf:2)
  A moth of wrath (Spider:1)
  A manticore (D:15)
  3 ugly things
  3 elephants (Lair:5)
  2 merfolk sirens (Shoals:3)
  A kobold blastminer (Orc:2)
  A torpor snail (Spider:3)
  A rime drake (Lair:5)
  3 trolls (Orc:2)
  5 merfolk (Shoals:3)
  3 tarantellas (Spider:1)
  2 snapping turtles (Shoals:3)
  2 slime creatures
  A culicivora (Spider:1)
  An air elemental (Elf:3)
  A wyvern (Lair:5)
  A yak (Lair:5)
  2 wargs (Orc:2)
  5 redbacks
  A water moccasin (Lair:5)
  2 orc warriors (Orc:2)
  A killer bee (D:8)
  An orc priest (Orc:2)
  5 orcs (Orc:2)
  A ball python (Orc:2)
65 creatures vanquished.

Vanquished Creatures (others)
  A red draconian (Zot:5)
  2 harpies
  A deep elf pyromancer (Elf:2)
  A wraith (Crypt:2)
  2 fire elementals (Zot:2)
  2 starspawn tentacles (D:14)
  18 tentacles (Shoals:3)
27 creatures vanquished.

Grand Total: 2246 creatures vanquished

Notes
Turn   | Place    | Note
-------+----------+-------------------------------------------
     0 | D:5      | elliptic the Troll Delver began the quest for the Orb.
     0 | D:5      | Reached XP level 1. HP: 22/22 MP: 0/0
    17 | D:5      | Found a transporter.
    17 | D:5      | Noticed a hound
    18 | D:5      | Noticed an ice beast
    19 | D:5      | Noticed a yak
    20 | D:5      | uh
    20 | D:5      | Noticed a yak
    20 | D:5      | Noticed yey's ghost (novice OpSh)
    22 | D:5      | Noticed a yak
    25 | D:5      | Noticed a shadow
    36 | D:5      | Noticed an ice beast
    49 | D:4      | Noticed a hound
    50 | D:4      | well
    55 | D:4      | Killed a hound
    56 | D:4      | Reached skill level 3 in Unarmed Combat
    56 | D:4      | Reached XP level 2. HP: 20/29 MP: 1/1
    56 | D:4      | Reached XP level 3. HP: 25/36 MP: 2/2
   100 | D:4      | Identified the +10 hammer of the Hidden Vale {freeze, rC-
                  | Int+7}
   102 | D:4      | uh
   104 | D:4      | Found a runed translucent door.
   105 | D:4      | Noticed Crazy Yiuf
   150 | D:4      | Noticed a phantom
   352 | D:3      | Reached XP level 4. HP: 18/44 MP: 0/3
   528 | D:3      | Found a glowing drain.
   550 | Sewer    | Entered a sewer
   565 | Sewer    | Reached XP level 5. HP: 49/50 MP: 4/4
   695 | Sewer    | Reached skill level 6 in Unarmed Combat
   779 | Sewer    | Reached XP level 6. HP: 59/59 MP: 5/5
  1205 | Sewer    | Gained mutation: Your mind is acute. (Int +4, Str/Dex -1)
                  | [potion of mutation]
  1205 | Sewer    | Gained mutation: You have a somewhat thin skeletal
                  | structure. (Dex +2, Stealth+) [potion of mutation]
  1901 | D:2      | Found a bloodstained altar of Trog.
  1921 | D:2      | Reached skill level 3 in Fighting
  2002 | D:2      | Reached XP level 7. HP: 67/67 MP: 6/6
  2973 | D:4      | Noticed Dowan
  3010 | D:4      | Found Sofyhu's Neck Hole.
  3092 | D:4      | Noticed Menkaure
  3212 | D:4      | Killed Menkaure
  3303 | D:4      | Noticed Sigmund
  3310 | D:4      | Killed Sigmund
  3311 | D:4      | Reached skill level 9 in Unarmed Combat
  3324 | D:4      | Lost mutation: Your mind is acute. (Int +4, Str/Dex -1)
                  | [potion of mutation]
  3324 | D:4      | Lost mutation: You have a somewhat thin skeletal structure.
                  | (Dex +2, Stealth+) [potion of mutation]
  3324 | D:4      | Gained mutation: You expend magic power (3 MP) to
                  | strengthen your wands. [potion of mutation]
  3324 | D:4      | Gained mutation: You possess an exceptional clarity of
                  | mind. [potion of mutation]
  3352 | D:4      | Reached XP level 8. HP: 74/75 MP: 5/7
  3838 | D:5      | Noticed Edmund
  3866 | D:5      | Killed Edmund
  3968 | D:5      | Noticed Prince Ribbit
  3986 | D:5      | Killed Prince Ribbit
  4138 | D:5      | Found a sacrificial altar of Ru.
  4180 | D:5      | Found a transporter.
  4478 | D:5      | Reached XP level 9. HP: 71/84 MP: 6/8
  4508 | D:5      | Noticed a troll
  4558 | D:4      | Killed a troll
  4801 | D:5      | Found a sacrificial altar of Ru.
  4825 | D:5      | Found a transporter.
  4964 | D:5      | Found a transporter.
  5166 | D:5      | Reached skill level 12 in Unarmed Combat
  5433 | D:6      | Found a staircase to the Ecumenical Temple.
  5439 | Temple   | Found a transporter.
  5439 | Temple   | Found a transporter.
  5439 | Temple   | Found a transporter.
  5439 | Temple   | Found a transporter.
  5439 | Temple   | Entered the Ecumenical Temple
  5484 | Temple   | Became a worshipper of Nemelex Xobeh the Trickster
  5818 | D:6      | Found a runed translucent door.
  5823 | D:6      | Found a basalt altar of Yredelemnul.
  6058 | D:7      | Reached * piety under Nemelex Xobeh
  6106 | D:7      | Found a broken altar of Ashenzari.
  6384 | D:7      | Received a gift from Nemelex Xobeh
  6458 | D:7      | Found a white marble altar of Elyvilon.
  6458 | D:7      | Found a snail-covered altar of Cheibriados.
  6530 | D:7      | Reached XP level 10. HP: 96/96 MP: 9/9
  6611 | D:7      | Found Bymoosusyu's Vocational Training.
  6619 | D:7      | Reached skill level 1 in Invocations
  6769 | D:7      | Reached ** piety under Nemelex Xobeh
  6769 | D:7      | Received a gift from Nemelex Xobeh
  7102 | D:8      | Identified the +0 quarterstaff "Cexoka" {flame, rC+}
  7104 | D:8      | eh
  7151 | D:8      | Noticed dolphinbomb's ghost (novice OpSh)
  7211 | D:8      | Reached skill level 3 in Invocations
  7565 | D:8      | Found a transporter.
  7570 | D:8      | Found a transporter.
  7892 | D:9      | Received a gift from Nemelex Xobeh
  8050 | D:9      | Upgraded the game from 0.32-a0-329-ge6c31236d6 to
                  | 0.32-a0-350-g4f4d228785
  8152 | D:9      | Noticed a centaur warrior
  8161 | D:9      | Killed a centaur warrior
  8162 | D:9      | Reached skill level 6 in Invocations
  8172 | D:9      | Found an ornate altar of the Wu Jian Council.
  8176 | D:9      | Reached *** piety under Nemelex Xobeh
  8205 | D:9      | Noticed a two-headed ogre
  8442 | D:9      | Received a gift from Nemelex Xobeh
  8531 | D:9      | Found Qidagh's General Store.
  8535 | D:9      | Bought a scroll of blinking for 97 gold pieces
  8535 | D:9      | Bought a potion of enlightenment for 65 gold pieces
  8706 | D:9      | Killed a two-headed ogre
  8707 | D:9      | Reached skill level 6 in Fighting
  8765 | D:9      | Noticed a centaur warrior
  8778 | D:9      | Killed a centaur warrior
  8779 | D:9      | Reached skill level 3 in Dodging
  8779 | D:9      | Reached XP level 11. HP: 67/107 MP: 14/14
  8880 | D:9      | Paralysed by a hornet for 1 turns
  8928 | D:9      | Noticed a two-headed ogre
  8937 | D:9      | Killed a two-headed ogre
  9076 | D:10     | Entered Level 10 of the Dungeon
  9077 | D:10     | Found a burning altar of Makhleb.
  9105 | D:10     | Found a flagged portal.
  9122 | Bailey   | Entered a bailey
  9164 | Bailey   | Received a gift from Nemelex Xobeh
  9484 | D:10     | Found a glowing golden altar of the Shining One.
  9754 | D:10     | Found an ancient bone altar of Kikubaaqudgha.
 10170 | D:11     | Noticed a two-headed ogre
 10171 | D:11     | Killed a two-headed ogre
 10183 | D:11     | Found a staircase to the Lair.
 10219 | D:11     | Reached skill level 15 in Unarmed Combat
 10325 | D:11     | Reached **** piety under Nemelex Xobeh
 10933 | D:11     | Noticed an ogre mage
 10933 | D:11     | Noticed a boulder beetle
 10951 | D:11     | Killed a boulder beetle
 10981 | D:11     | Received a gift from Nemelex Xobeh
 10987 | D:11     | Killed an ogre mage
 10988 | D:11     | Reached XP level 12. HP: 111/118 MP: 17/17
 11211 | D:12     | Noticed Josephine
 11252 | D:12     | Killed Josephine
 11313 | D:12     | Found a staircase to the Orcish Mines.
 11340 | D:12     | oops
 11785 | D:12     | Received a gift from Nemelex Xobeh
 12100 | D:12     | Noticed a boulder beetle
 12104 | D:12     | Killed a boulder beetle
 12206 | D:12     | hm
 12514 | D:8      | HP: 22/119 [killer bee (12)]
 12516 | D:8      | HP: 3/119 [killer bee (10)]
 12593 | D:8      | Killed dolphinbomb's ghost
 12725 | D:5      | Killed yey's ghost
 12726 | D:5      | Reached skill level 9 in Invocations
 12798 | D:4      | Noticed Duvessa
 12806 | D:4      | Killed Duvessa
 12808 | D:4      | Killed Dowan
 12900 | D:4      | Killed Crazy Yiuf
 13246 | Lair:1   | Entered Level 1 of the Lair of Beasts
 13263 | Lair:1   | Received a gift from Nemelex Xobeh
 13707 | Lair:1   | Reached XP level 13. HP: 95/127 MP: 18/18
 14017 | Lair:2   | Received a gift from Nemelex Xobeh
 14037 | Lair:2   | Reached ***** piety under Nemelex Xobeh
 14078 | Lair:2   | Found a hole to the Spider Nest.
 14116 | Lair:2   | oh
 14116 | Lair:2   | Identified the +0 hand axe "Gickeism" {flame, rF+ rN+}
 14119 | Lair:2   | fin
 14181 | Lair:2   | Reached skill level 18 in Unarmed Combat
 14292 | Lair:2   | Received a gift from Nemelex Xobeh
 14918 | Lair:3   | Received a gift from Nemelex Xobeh
 14996 | Lair:3   | Found a staircase to the Shoals.
 15033 | Lair:3   | Noticed Gastronok
 15039 | Lair:3   | Killed Gastronok
 15751 | Lair:4   | Received a gift from Nemelex Xobeh
 15936 | Lair:4   | Reached skill level 9 in Fighting
 16574 | Lair:5   | Entered Level 5 of the Lair of Beasts
 16682 | Lair:5   | Reached XP level 14. HP: 128/140 MP: 20/20
 16793 | Lair:5   | Found a staircase to the Slime Pits.
 16795 | Lair:5   | Found a viscous altar of Jiyva.
 17009 | Lair:5   | Received a gift from Nemelex Xobeh
 17086 | Lair:5   | Noticed Nessos
 17091 | Lair:5   | Nessos changed into Nessos the shining eye
 17091 | Lair:5   | Noticed Nessos
 17096 | Lair:5   | Killed Nessos the shining eye
 17940 | Lair:5   | Found a burning altar of Makhleb.
 17946 | Lair:5   | Found a gateway to Hell.
 18178 | Orc:1    | Entered Level 1 of the Orcish Mines
 18368 | Orc:2    | Entered Level 2 of the Orcish Mines
 18393 | Orc:2    | Received a gift from Nemelex Xobeh
 18415 | Orc:2    | Found a staircase to the Elven Halls.
 18449 | Orc:2    | Paralysed by an orc sorcerer for 2 turns
 18685 | Orc:2    | Noticed an orc warlord
 18908 | Orc:2    | Reached ****** piety under Nemelex Xobeh
 18973 | Orc:2    | Killed an orc warlord
 18985 | Orc:2    | Found a roughly hewn altar of Beogh.
 19032 | Orc:2    | Found Ciren's Antique Armour Shop.
 19054 | Orc:2    | Found Kiannaux's Antique Weapon Shop.
 19114 | Orc:2    | Noticed Saint Roka
 19147 | Orc:2    | Saint Roka changed into Saint Roka the azure jelly
 19147 | Orc:2    | Noticed Saint Roka
 19148 | Orc:2    | Killed Saint Roka the azure jelly
 19502 | Orc:1    | Found a shimmering blue altar of Sif Muna.
 19746 | Orc:1    | Noticed Maurice
 19752 | Orc:2    | Killed Maurice
 19896 | Orc:2    | Found Pucaunus's General Store.
 19902 | Orc:2    | Bought a scroll of fear for 60 gold pieces
 19955 | Orc:2    | Found Taone's Jewellery Shop.
 20029 | Orc:2    | Found a runed translucent gate.
 20030 | Orc:2    | Found a runed translucent gate.
 20030 | Orc:2    | Received a gift from Nemelex Xobeh
 20030 | Orc:2    | Found a runed translucent gate.
 20037 | Orc:2    | Noticed Pooter's ghost (journeyman MiBe)
 20416 | D:7      | Bought a manual of Invocations for 1040 gold pieces
 20557 | D:13     | Noticed Urug
 20557 | D:13     | Found a gate to the Vaults.
 20850 | D:13     | Killed Urug
 20947 | D:13     | Reached XP level 15. HP: 128/149 MP: 22/22
 21067 | D:13     | Received a gift from Nemelex Xobeh
 21070 | D:13     | Found a large runed translucent door.
 21071 | D:13     | Found a large runed translucent door.
 21173 | D:13     | Reached skill level 12 in Invocations
 21389 | D:13     | Received a gift from Nemelex Xobeh
 21523 | D:13     | Noticed Azoth's ghost (journeyman DEAl)
 21666 | D:14     | Found a transporter.
 21678 | D:14     | Found a one-way gate to the infinite horrors of the Abyss.
 21678 | D:14     | Noticed pokeman's ghost (journeyman DEHW)
 21736 | D:14     | Found a transporter.
 22023 | D:14     | Found a portal to a secret trove of treasure.
 22281 | D:14     | Noticed a tentacled monstrosity
 22365 | D:14     | Noticed a tentacled starspawn
 22373 | D:15     | Entered Level 15 of the Dungeon
 22373 | D:15     | Received a gift from Nemelex Xobeh
 22460 | D:15     | Noticed Azrael
 22613 | D:15     | Found Weoxkuj's Magic Scroll Emporium.
 22621 | D:15     | Bought a scroll of teleportation for 42 gold pieces
 22659 | D:15     | Identified the +1 robe of Ogow {Regen+}
 22693 | D:15     | Reached skill level 15 in Invocations
 22884 | D:15     | Found a staircase to the Depths.
 22902 | D:15     | Noticed an emperor scorpion
 22912 | D:15     | Killed an emperor scorpion
 23305 | Shoals:1 | Entered Level 1 of the Shoals
 23310 | Shoals:1 | Received a gift from Nemelex Xobeh
 23397 | Shoals:1 | Found a bloodstained altar of Trog.
 23405 | Shoals:1 | Noticed Livid's ghost (adept FoFi)
 23445 | Shoals:1 | Found a transporter.
 23452 | Shoals:1 | Found a transporter.
 23939 | Shoals:1 | Reached skill level 1 in Shields
 24069 | Shoals:2 | Noticed Polyphemus
 24129 | Shoals:2 | Killed Polyphemus
 24130 | Shoals:2 | Reached skill level 3 in Shields
 24534 | Shoals:2 | Upgraded the game from 0.32-a0-350-g4f4d228785 to
                  | 0.32-a0-361-g289a535e89
 24570 | Shoals:2 | ow
 24571 | Shoals:2 | why
 24572 | Shoals:2 | HP: 41/223 [faun/+0 spear[a satyr] (12)]
 24582 | Shoals:2 | HP: 22/149 [snapping turtle (15)]
 24623 | Shoals:2 | Reached skill level 6 in Shields
 24623 | Shoals:2 | Reached XP level 16. HP: 158/158 MP: 27/27
 24835 | Shoals:2 | Received a gift from Nemelex Xobeh
 25352 | Shoals:3 | Identified the serpent talisman of the Undertaker {rF+ rC+}
 25352 | Shoals:3 | Noticed Aizul
 25360 | Shoals:3 | Killed Aizul
 25496 | Shoals:3 | Found a runed translucent door.
 25540 | Shoals:3 | Found a corrupted altar of Lugonu.
 25578 | Shoals:3 | Noticed Roxanne
 25579 | Shoals:3 | hm
 25670 | Shoals:3 | Reached skill level 9 in Shields
 25679 | Shoals:3 | Noticed Ilsuiw
 25692 | Shoals:3 | Reached skill level 1 in Shapeshifting
 25696 | Shoals:3 | Identified the +0 trident of Atrineha {flame, rElec rPois
                  | rC+ Int-5}
 25697 | Shoals:3 | Killed Ilsuiw
 25728 | Shoals:3 | Noticed a kraken
 25820 | Shoals:3 | Killed a kraken
 25821 | Shoals:3 | Reached skill level 3 in Shapeshifting
 25849 | Shoals:3 | Received a gift from Nemelex Xobeh
 26149 | Shoals:3 | Killed Roxanne
 26409 | Orc:2    | Bought a +0 kite shield for 67 gold pieces
 26430 | Orc:2    | Bought the amulet of the Tempest {Acrobat Rampage +Blink
                  | rPois Will++} for 808 gold pieces
 26605 | Spider:1 | Entered Level 1 of the Spider Nest
 26814 | Spider:1 | Noticed Frances
 26823 | Spider:1 | Killed Frances
 26873 | Spider:1 | Reached skill level 6 in Shapeshifting
 26986 | Spider:1 | Identified the +7 chain mail of Coth {rF+ rCorr}
 27943 | Spider:2 | Reached skill level 9 in Shapeshifting
 27943 | Spider:2 | Reached XP level 17. HP: 166/166 MP: 28/28
 28000 | Spider:2 | Received a gift from Nemelex Xobeh
 28666 | Spider:2 | Got the Encyclopedia of Accelerants and Charms
 28685 | Spider:2 | Received a gift from Nemelex Xobeh
 28913 | Spider:2 | Received a gift from Nemelex Xobeh
 29673 | Spider:3 | Received a gift from Nemelex Xobeh
 29678 | Spider:3 | hm
 29845 | Spider:3 | hm
 29911 | Spider:3 | Identified the +3 quarterstaff "Etawuit" {holy, Dex+3}
 30374 | Spider:4 | Entered Level 4 of the Spider Nest
 30374 | Spider:4 | Received a gift from Nemelex Xobeh
 30414 | Spider:4 | Reached skill level 12 in Shapeshifting
 30676 | D:14     | You paid a toll of 4 scrolls of fear to enter a treasure
                  | trove
 30677 | Trove    | Entered a treasure trove
 30677 | Trove    | Found the necklace of Bloodlust {Fury *Rage Will++ Int-3
                  | Slay+6}
 30679 | Trove    | Identified the amulet of Taxeojan {RegenMP +Inv}
 30682 | Trove    | Identified the ring "Lusat" {Ice MP+9 Str-5 Int+3}
 30685 | Trove    | Identified the ring of Kathenotheism {+Blink Will+ Str+4}
 30692 | Trove    | Identified the amulet of Udaak {Rampage Regen+ Dex+3}
 30694 | Trove    | Identified the amulet "Cossases" {RegenMP ^Drain rPois
                  | Str+3 Dex+3}
 30696 | Trove    | Identified the ring of Kagit {Ice MP+9 Str+2 Dex+3}
 30711 | Trove    | Identified the amulet "Ohirefo" {Rampage ^Drain rN++ Regen+
                  | rCorr}
 30713 | Trove    | Identified the ring of Wochupun {^Contam rPois Dex+6}
 30720 | Trove    | Identified the ring of Appuemme {Fly rElec rN++ Dex-2
                  | Slay+3}
 31007 | Spider:4 | Acquired the +1 hat of Kindness {Slay+3}
 31562 | Spider:4 | why
 31566 | Spider:4 | Received a gift from Nemelex Xobeh
 32085 | Spider:4 | Found a runed translucent gate.
 32085 | Spider:4 | Found a runed translucent gate.
 32085 | Spider:4 | Found a runed translucent gate.
 32111 | Spider:4 | Noticed Isko's ghost (journeyman TrSh)
 32605 | Spider:4 | Identified the +0 hat of Prudence {rCorr Int+2 Dex+3}
 32619 | Spider:4 | Got a gossamer rune of Zot
 32686 | Spider:4 | Killed Isko's ghost
 32853 | Shoals:1 | hm
 32950 | Shoals:1 | Reached XP level 18. HP: 174/174 MP: 29/29
 32973 | Shoals:1 | Killed Livid's ghost
 32982 | Shoals:1 | Identified the ring of Namoixt {Wiz Will- Dex+3}
 32989 | Shoals:1 | Identified the +0 shortbow "Earthworm" {freeze, rElec Will-
                  | Str+6}
 33065 | Shoals:4 | Entered Level 4 of the Shoals
 33065 | Shoals:4 | Found a shimmering altar of Xom.
 33211 | Shoals:4 | Paralysed by an air elemental for 1 turns
 33214 | Shoals:4 | Paralysed by an air elemental for 1 turns
 33256 | Shoals:4 | Paralysed by an air elemental for 1 turns
 33280 | Shoals:4 | Received a gift from Nemelex Xobeh
 33332 | Shoals:4 | Paralysed by an air elemental for 1 turns
 33339 | Shoals:4 | Reached skill level 15 in Shapeshifting
 33599 | Shoals:4 | Found a shadowy altar of Dithmenos.
 33810 | Shoals:4 | Received a gift from Nemelex Xobeh
 33864 | Shoals:4 | Got the Book of Associated Fate
 33872 | Shoals:4 | Got a barnacled rune of Zot
 34366 | Orc:2    | Killed Pooter's ghost
 34502 | D:13     | Killed Azoth's ghost
 34598 | Elf:1    | Entered Level 1 of the Elven Halls
 34684 | Elf:1    | Noticed Kirke
 34696 | Elf:1    | why
 34697 | Elf:1    | Kirke changed into Kirke the wolf spider
 34697 | Elf:1    | Noticed Kirke
 34700 | Elf:1    | Killed Kirke the wolf spider
 34820 | Elf:1    | Noticed Asterion
 34852 | Elf:1    | Killed Asterion
 34982 | Elf:1    | Received a gift from Nemelex Xobeh
 35022 | Elf:1    | Found Cuajaluw's Firing Range.
 35432 | Elf:2    | Found a radiant altar of Vehumet.
 35525 | Elf:2    | Found Zeveog's Armour Emporium.
 35544 | Elf:2    | Received a gift from Nemelex Xobeh
 35698 | Elf:2    | Reached skill level 12 in Fighting
 35808 | Elf:2    | Found a huge runed translucent gate.
 35808 | Elf:2    | Found a huge runed translucent gate.
 35809 | Elf:2    | Found a huge runed translucent gate.
 35810 | Elf:2    | Found a huge runed translucent gate.
 35816 | Elf:2    | Found a huge runed translucent gate.
 35913 | Elf:2    | Reached XP level 19. HP: 137/191 MP: 30/30
 36114 | Elf:2    | Received a gift from Nemelex Xobeh
 36145 | Elf:2    | sigh
 36161 | Elf:2    | Identified the -1 hand axe "Ugaipez" {antimagic, rElec
                  | rPois Dex+6}
 36437 | Elf:3    | Entered Level 3 of the Elven Halls
 36782 | Elf:3    | Found Hos Guonn's Assorted Antiques.
 36782 | Elf:3    | Found Foirgh's Antique Weapon Shoppe.
 36786 | Elf:3    | Found Hiryigew's Magic Scroll Emporium.
 36794 | Elf:3    | Bought a scroll of teleportation for 33 gold pieces
 36794 | Elf:3    | Bought a scroll of fear for 44 gold pieces
 36798 | Elf:3    | Bought a potion of heal wounds for 150 gold pieces
 37200 | Elf:3    | Paralysed by an air elemental for 1 turns
 37434 | Elf:3    | Received a gift from Nemelex Xobeh
 37501 | Elf:3    | Identified the +0 ring mail "Nuacix" {Rampage Stlth+}
 37614 | Elf:3    | Identified the +4 great mace "Zausocre" {drain, ^Contam rN+
                  | Will+ rCorr}
 37623 | Elf:3    | Identified the +8 long sword of Boamen {drain, +Blink rF-
                  | Will+ MP+9}
 38091 | Elf:3    | Identified the staff "Orhut" {rPois rCorr Conj Alchemy}
 38113 | Elf:3    | Got Sif Muna's Exposition on Ouranomancy and Formulae
 38116 | Elf:3    | Identified the staff of Jygu {^Drain rN+ Conj Air}
 38156 | Elf:3    | Got the Papyrus of the Boulder and Omens
 38233 | Elf:3    | Identified the +0 scale mail of Inference {Dex+6}
 38285 | Elf:3    | Identified the +1 battleaxe of Stickiness {flame, rF+
                  | Int+5}
 38317 | Elf:3    | hm
 38465 | Vaults:1 | Entered Level 1 of the Vaults
 38509 | Vaults:1 | Reached skill level 15 in Fighting
 38767 | Vaults:1 | Found Zanut's Antique Armour Shop.
 38956 | Vaults:1 | Received a gift from Nemelex Xobeh
 39560 | Vaults:2 | Received a gift from Nemelex Xobeh
 39630 | Vaults:2 | Reached XP level 20. HP: 213/213 MP: 31/31
 39750 | Vaults:2 | Received a gift from Nemelex Xobeh
 39899 | Vaults:2 | Identified the +2 robe of a wizard's laboratory {rC++
                  | Regen+ rCorr}
 40235 | Vaults:2 | Received a gift from Nemelex Xobeh
 40434 | Vaults:2 | Identified the +1 rapier "Verryidu" {freeze, *Rage rN++
                  | Int+3 Dex+2}
 40816 | Vaults:3 | Found a staircase to the Crypt.
 40816 | Vaults:3 | Found a basalt altar of Yredelemnul.
 40840 | Vaults:3 | Found an ancient bone altar of Kikubaaqudgha.
 40913 | Vaults:3 | Received a gift from Nemelex Xobeh
 41057 | Vaults:3 | Found Fupi's Book Emporium.
 41236 | Vaults:3 | Reached skill level 18 in Shapeshifting
 41778 | Vaults:4 | Noticed Norris
 41789 | Vaults:4 | Killed Norris
 41867 | Vaults:4 | Received a gift from Nemelex Xobeh
 41980 | Vaults:4 | Received a gift from Nemelex Xobeh
 42810 | Vaults:4 | Received a gift from Nemelex Xobeh
 42941 | Crypt:1  | Entered Level 1 of the Crypt
 42999 | Crypt:1  | Reached XP level 21. HP: 152/222 MP: 32/32
 43160 | Crypt:1  | Received a gift from Nemelex Xobeh
 44258 | Crypt:2  | Reached skill level 21 in Shapeshifting
 44381 | Crypt:2  | Identified the +3 leather armour of Light {rElec Int+4}
 44626 | Crypt:3  | Entered Level 3 of the Crypt
 44626 | Crypt:3  | Received a gift from Nemelex Xobeh
 45202 | Crypt:3  | Found an ancient bone altar of Kikubaaqudgha.
 45202 | Crypt:3  | Found a basalt altar of Yredelemnul.
 45202 | Crypt:3  | Noticed a profane servitor
 45217 | Crypt:3  | Killed a profane servitor
 45269 | Crypt:3  | Identified the +0 orcbow of Prudence {antimagic, rN+++
                  | Will++ Stlth-}
 45338 | Crypt:3  | Reached XP level 22. HP: 227/230 MP: 33/33
 45389 | Crypt:3  | Found a staircase to the Tomb.
 45433 | Crypt:3  | Received a gift from Nemelex Xobeh
 45587 | Crypt:3  | Identified the +11 bardiche of Desperation {pain, *Slow
                  | Will- Int+3 Dex+8}
 45593 | Crypt:3  | Identified the staff of the Warrior {Int+4 Conj}
 45906 | D:15     | Killed Azrael
 46003 | Depths:1 | Entered Level 1 of the Depths
 46016 | Depths:1 | ow
 46368 | Depths:1 | Found Dymiusou's Distillery.
 46377 | Depths:1 | Bought a potion of heal wounds for 100 gold pieces
 46377 | Depths:1 | Bought a potion of heal wounds for 100 gold pieces
 46417 | Depths:1 | Found Yxixig's Serpentskin Sales.
 46687 | Depths:1 | Received a gift from Nemelex Xobeh
 46730 | Depths:1 | Noticed a golden dragon
 46735 | Depths:1 | Killed a golden dragon
 47168 | Depths:2 | Found a one-way gate leading to the halls of Pandemonium.
 47255 | Depths:2 | Found a transporter.
 47255 | Depths:2 | Noticed a caustic shrike
 47255 | Depths:2 | Noticed a golden dragon
 47354 | Depths:2 | Identified the +1 robe of the Spider Nest {Str-4 Int+4
                  | Slay+3}
 47516 | Depths:2 | Found a transporter.
 47685 | Depths:2 | Acquired 706 gold pieces
 47824 | Depths:2 | Received a gift from Nemelex Xobeh
 48252 | Depths:3 | Noticed a golden dragon
 48256 | Depths:3 | Killed a golden dragon
 48462 | Depths:3 | Received a gift from Nemelex Xobeh
 48499 | Depths:3 | Reached skill level 18 in Fighting
 48612 | Depths:3 | Identified the +8 shortbow of Plunder {freeze, Str-5 Int+7
                  | SInv}
 48724 | Depths:3 | Noticed a caustic shrike
 48731 | Depths:3 | Killed a caustic shrike
 48812 | Depths:3 | Identified the +0 acid dragon scales of Creativity {Harm
                  | rPois rCorr Str-5}
 48812 | Depths:3 | Identified the amulet of Lashreut {Regen+ Int-2 Slay+4}
 49304 | Depths:4 | Entered Level 4 of the Depths
 49322 | Depths:4 | Noticed Parghit
 49324 | Depths:4 | Killed Parghit
 49347 | Depths:4 | Reached XP level 23. HP: 214/249 MP: 34/34
 49436 | Depths:4 | Received a gift from Nemelex Xobeh
 49633 | Depths:4 | Found a gate to the Realm of Zot.
 49814 | Depths:4 | Found a one-way gateway to a ziggurat.
 49837 | Depths:4 | Noticed Margery
 49849 | Depths:4 | Killed Margery
 50322 | Depths:4 | Received a gift from Nemelex Xobeh
 50639 | Depths:2 | Killed a caustic shrike
 50839 | Depths:2 | Identified the ring "Kifudor" {rPois rF+ rC+}
 50988 | D:14     | Killed pokeman's ghost
 50991 | D:14     | Identified the +2 rapier of Qusma {flame, rElec}
 51231 | Vaults:5 | Entered Level 5 of the Vaults
 51269 | Vaults:5 | Identified the +3 glaive of Trog's Righteous Anger {heavy,
                  | Fly}
 51816 | Vaults:5 | Identified the +4 great sword of Xicwo {freeze, *Noise
                  | Int+5 Dex+4}
 51820 | Vaults:5 | Identified the +0 chain mail "Myzelol" {rF+ rN+ Str-4}
 51915 | Vaults:5 | Identified the +11 long sword of Hubris {flame, rC+ Int+4
                  | Dex-2 SInv}
 52174 | Vaults:5 | Reached skill level 21 in Fighting
 52389 | Vaults:5 | Reached XP level 24. HP: 249/270 MP: 34/34
 52416 | Vaults:5 | Noticed an ancient lich
 52418 | Vaults:5 | Killed an ancient lich
 52619 | Vaults:5 | Got the Quarto of Brumous Transmogrification
 52722 | Vaults:5 | Received a gift from Nemelex Xobeh
 52858 | Vaults:5 | Found Sonyt's Magic Scroll Shop.
 52863 | Vaults:5 | Bought a scroll of teleportation for 45 gold pieces
 52863 | Vaults:5 | Bought a scroll of fog for 60 gold pieces
 52901 | Vaults:5 | Found Zinuefa's Distillery.
 52911 | Vaults:5 | Bought a potion of heal wounds for 85 gold pieces
 52911 | Vaults:5 | Bought 2 potions of heal wounds for 170 gold pieces
 52911 | Vaults:5 | Bought a potion of haste for 170 gold pieces
 52911 | Vaults:5 | Bought a potion of curing for 51 gold pieces
 52911 | Vaults:5 | Bought a potion of cancellation for 136 gold pieces
 52911 | Vaults:5 | Bought a potion of invisibility for 136 gold pieces
 52911 | Vaults:5 | Bought a potion of curing for 51 gold pieces
 52922 | Vaults:5 | Found Meudgh's Distillery.
 52930 | Vaults:5 | Bought a potion of heal wounds for 105 gold pieces
 52930 | Vaults:5 | Bought a potion of curing for 63 gold pieces
 52930 | Vaults:5 | Bought a potion of might for 84 gold pieces
 52930 | Vaults:5 | Bought 2 potions of mutation for 336 gold pieces
 53102 | Vaults:5 | Identified the +6 dagger "Usoon" {heavy, Str+3}
 53148 | Vaults:5 | Identified the +1 leather armour "Eshyz" {Int+3}
 53149 | Vaults:5 | Identified the +2 cloak of the Teacher {Regen+ SInv}
 53151 | Vaults:5 | eh
 53152 | Vaults:5 | Got a silver rune of Zot
 53182 | Vaults:5 | Identified the +2 scale mail "Damnable Contraption" {Str+4}
 53190 | Vaults:5 | Reached skill level 1 in Armour
 53329 | Vaults:5 | Found Xutra's Magic Scroll Shop.
 53334 | Vaults:5 | Bought a scroll of revelation for 112 gold pieces
 53334 | Vaults:5 | Bought a scroll of teleportation for 45 gold pieces
 53334 | Vaults:5 | Bought a scroll of teleportation for 45 gold pieces
 53341 | Vaults:5 | Found Giemm's Magic Scroll Shoppe.
 53345 | Vaults:5 | Bought a scroll of teleportation for 48 gold pieces
 53345 | Vaults:5 | Bought a scroll of blinking for 120 gold pieces
 53345 | Vaults:5 | Bought a scroll of fear for 64 gold pieces
 53345 | Vaults:5 | Bought a scroll of silence for 152 gold pieces
 54190 | Elf:2    | Bought the -2 hat of the Alchemist {rElec rPois rF+ rC+ rN+
                  | Will+ rMut rCorr} for 566 gold pieces
 54190 | Elf:2    | Found the -2 hat of the Alchemist {rElec rPois rF+ rC+ rN+
                  | Will+ rMut rCorr}
 54795 | Depths:1 | Bought a potion of magic for 160 gold pieces
 54795 | Depths:1 | Bought a potion of curing for 60 gold pieces
 54795 | Depths:1 | Bought a potion of might for 80 gold pieces
 54795 | Depths:1 | Bought a potion of curing for 60 gold pieces
 54962 | Orc:2    | Bought a potion of might for 60 gold pieces
 54962 | Orc:2    | Bought a potion of enlightenment for 75 gold pieces
 54962 | Orc:2    | Bought a wand of digging (5) for 315 gold pieces
 55056 | Elf:3    | Bought a scroll of fog for 44 gold pieces
 55056 | Elf:3    | Bought a scroll of summoning for 104 gold pieces
 55056 | Elf:3    | Bought a scroll of fog for 44 gold pieces
 55056 | Elf:3    | Bought a scroll of silence for 104 gold pieces
 55060 | Elf:3    | Bought a potion of enlightenment for 150 gold pieces
 55330 | Zot:1    | Entered Level 1 of the Realm of Zot
 55330 | Zot:1    | Noticed an electric golem
 55352 | Zot:1    | Killed an electric golem
 55353 | Zot:1    | Reached skill level 3 in Armour
 55488 | Zot:2    | meh
 55488 | Zot:2    | okay
 55642 | Zot:2    | Reached skill level 6 in Armour
 55707 | Zot:2    | Received a gift from Nemelex Xobeh
 55824 | Zot:5    | Entered Level 5 of the Realm of Zot
 55896 | Zot:5    | Reached skill level 9 in Armour
 56141 | Zot:5    | Noticed a dread lich
 56141 | Zot:5    | Noticed a Killer Klown
 56141 | Zot:5    | Noticed a Killer Klown
 56141 | Zot:5    | Noticed a Killer Klown
 56141 | Zot:5    | Noticed an orb of fire
 56141 | Zot:5    | Noticed an electric golem
 56141 | Zot:5    | Noticed a Killer Klown
 56142 | Zot:5    | sigh
 56251 | Zot:5    | Got a prismatic gem with 152 turns to spare
 56260 | Zot:5    | Received a gift from Nemelex Xobeh
 56305 | Zot:5    | Reached XP level 25. HP: 284/284 MP: 34/34
 56309 | Zot:5    | Noticed a dread lich
 56322 | Zot:5    | Killed a dread lich
 56342 | Zot:5    | Noticed a Killer Klown
 56342 | Zot:5    | Noticed an electric golem
 56358 | Zot:5    | Killed an electric golem
 56366 | Zot:5    | Killed a Killer Klown
 56377 | Zot:5    | Noticed a Killer Klown
 56400 | Zot:5    | Killed a Killer Klown
 56416 | Zot:5    | Noticed a Killer Klown
 56416 | Zot:5    | Noticed an orb of fire
 56416 | Zot:5    | Noticed a Killer Klown
 56423 | Zot:5    | oh right
 56443 | Zot:5    | Killed an orb of fire
 56453 | Zot:5    | Noticed an orb of fire
 56454 | Zot:5    | Killed a Killer Klown
 56462 | Zot:5    | Killed a Killer Klown
 56468 | Zot:5    | Killed an orb of fire
 56476 | Zot:5    | Killed a Killer Klown
 56484 | Zot:5    | Noticed an electric golem
 56565 | Zot:5    | Killed an electric golem
 56646 | Zot:5    | Killed a Killer Klown
 56681 | Zot:5    | Killed a Killer Klown
 56690 | Zot:5    | Got the Orb of Zot
 57386 | D:$      | Escaped with the Orb!

Levels and vault maps discovered:
D:1:      ebering_hopf_link, layout_rooms, chequers_serial_rivers_large_a
D:2:      minmay_razor_zed, layout_basic, basic_altar, nrook_mini_vaults
D:3:      layout_basic, portal_sewer_entry_b
D:4:      layout_rooms, nicolae_shop_sticking_my_neck_out, uniq_sigmund,
          uniq_menkaure, uniq_duvessa, uniq_crazy_yiuf_cottage
D:5:      layout_cave_pods, nicolae_ru_the_path_less_chosen,
          gammafunk_ghost_arena, minivault_26, uniq_prince_ribbit1,
          uniq_eustachio, uniq_edmund
D:6:      layout_cave_pools, dk_yredelemnul_ordeal, minmay_temple_entry_tees
D:7:      layout_basic, nicolae_overflow_hidden_temple,
          gammafunk_temple_overflow_pools, serial_glass, glass_columns_a,
          glass_columns_c, nicolae_shop_vocational
D:8:      layout_basic, gammafunk_ghost_hive
D:9:      kennysheep_windowed_halls, layout_basic, nzn_wu_jian_council_hall,
          serial_shops, shop
D:10:     layout_long_grid, nicolae_tso_carved_into_rock,
          mainiacjoe_overflow_swirl, enter_bailey_7
D:11:     kennysheep_big_flooded_room, layout_loops_ring,
          due_lair_maze_entry_diamond, special_room [special_room_bee]
D:12:     layout_basic, david_orc_3, serial_rivers,
          chequers_serial_rivers_small_3, chequers_serial_rivers_marsh,
          chequers_serial_rivers_micro_d, chequers_serial_rivers_large_b,
          chequers_serial_rivers_micro_a, uniq_josephine
D:13:     layout_grid_maze, david_vaults_3, ebering_ghost_disaster_area,
          nicolae_titane
D:14:     layout_roguey, glass_columns_a, gammafunk_ghost_abyssal_escape,
          nicolae_trove_entry_path_of_doom
D:15:     hangedman_depths_entry_try_elsewhere_first, layout_cave_pools,
          serial_shops, nicolae_shop_stone, kennysheep_flooded_box,
          glass_columns_a, uniq_azrael
Temple:   hellmonk_temple_divided_pantheon
Lair:1:   layout_misc_corridors
Lair:2:   layout_roguey, spider_nest_entry_rubble, grunt_megastairs_4
Lair:3:   layout_layer_cave, shoals_dummy_entry, uniq_gastronok
Lair:4:   layout_regular_city, st_stairs_13
Lair:5:   evil_forest, layout_layer_cave, nicolae_slime_entry_slimehenge,
          uniq_urug, uniq_nessos
Shoals:1: layout_shoals, gammafunk_ghost_wrathful_warriors
Shoals:2: cheibrodos_shoals_baths, layout_shoals, nicolae_shoals_gull_way,
          nicolae_shoals_former_cling_halls, uniq_polyphemus
Shoals:3: layout_shoals, nicolae_shoals_abyss_on_the_beach, uniq_aizul,
          uniq_ilsuiw, uniq_roxanne
Shoals:4: shoals_end_hellmonk_storm_palace [storm_palace_center_ruins,
          storm_palace_corner_pillars, storm_palace_corner_blocked,
          storm_palace_corner_altar, storm_palace_corner_altar]
Spider:1: layout_spider_delve, drop_trap, hellmonk_deceptive_appearances,
          uniq_frances
Spider:2: layout_chambers, hangedman_spider_tarantella_strand
Spider:3: layout_spider_delve
Spider:4: grunt_spider_rune_circles, ebering_ghost_rock_garden
Orc:1:    layout_caves, kennysheep_orc_sif_temple, uniq_maurice
Orc:2:    grunt_orc_cross, layout_diamond_mine, gammafunk_ghost_necromancy,
          uniq_saint_roka
Elf:1:    elf_arrival_001, layout_gridlike, minivault_28,
          nicolae_shop_firing_range, uniq_kirke, uniq_asterion
Elf:2:    elven_hall_of_blades_hangedman_alternative
          [nicolae_blade_entry_crossed_weapons], layout_loops_cross,
          serial_shops, shop, david_defended_altar_elf
Elf:3:    grunt_elf_hall_branching, layout_gridlike, minmay_shop_star
Vaults:1: nicolae_vaults_diamond_1, v_rooms_2, vaults_room_hallway,
          hangedman_vaults_locks, nicolae_vaults_layer_cake_slice,
          nicolae_vaults_security_offices_1, nicolae_vaults_back_hallway,
          hangedman_vaults_variations, v_misc_25, v_rooms_3,
          nicolae_vaults_tangram_2, v_misc_30, ontoclasm_vaults_chip,
          nicolae_vaults_trapezoid_lopsided_4, vaults_room_stairs_pillars,
          layout_vaults_omnibox, serial_shops, shop
Vaults:2: nicolae_vaults_angled_halls, nicolae_vaults_ring_of_whatevers,
          v_misc_9, nicolae_vaults_mitosis, v_misc_10, hangedman_vaults_stagger,
          v_misc_11, vaults_mumra_minichess, layout_vaults_omnigrid
Vaults:3: v_pattern_5, v_misc_11, nicolae_vaults_big_angled_halls,
          nicolae_vaults_apartment_2, minmay_crypt_entry_necro_gods, v_misc_19,
          v_misc_4, nicolae_vaults_heart-shaped_vault, v_misc_8,
          v_alt_pattern_4, nicolae_vaults_wine_cellar,
          nicolae_vaults_surprise_closet, ontoclasm_vaults_loading_screen,
          nicolae_vaults_theta, ontoclasm_vaults_shuriken,
          nicolae_vaults_trapezoid_3, vaults_room_pools, nicolae_vaults_house_1,
          layout_vaults_maze_snakey, serial_shops, shop
Vaults:4: nicolae_vaults_storage_closets_2, hangedman_vaults_trim, v_misc_24,
          hangedman_vaults_hat, nicolae_vaults_little_squares_2,
          nicolae_vaults_shrinking_rooms_2, nicolae_vaults_theta,
          nicolae_vaults_tetromino_T_1, layout_vaults_chaotic_city, uniq_norris
Vaults:5
Crypt:1:  layout_misc_corridors
Crypt:2:  layout_misc_corridors, nicolae_crypt_booths_of_the_dead
Crypt:3:  lightli_unholy_cathedral, layout_chaotic_city, hellmonk_scarab_ruin
Depths:1: layout_cave_pools, serial_shops, shop, hell_entry,
          guppyfry_shop_venom, grunt_megastairs_2, serial_bayou_shore_b
Depths:2: gammafunk_sealed_arena, layout_twisted_cross, pan_entry, serial_bayou,
          serial_bayou_crossing, serial_bayou_ford_a, serial_bayou_shore_b,
          serial_bayou_pond_b, lightli_too_deep, minmay_microvault
Depths:3: cross_vault, layout_gridlike, pan_entry, hell_entry,
          wad_floor_pattern_untrapped, hangedman_abyss_entry_splay
Depths:4: grunt_crosshair, layout_gridlike, enter_ziggurat_f,
          rand_demon_pan_entry_4, hell_entry, uniq_parghit, uniq_margery
Zot:1:    layout_onion, ebering_ghost_reflecting_pool
Zot:2:    lemuel_firehouse, layout_onion_interference, bh_zot_levy_curve
Zot:3:    dreamdust_zin_vs_xom, layout_gridlike, regret_index_zotdec_zees
Zot:4:    layout_basic, regret_index_zotdec_obsidian_hm, grunt_megastairs_1
Zot:5:    layout_basic

Action                     |  1- 3 |  4- 6 |  7- 9 | 10-12 | 13-15 | 16-18 | 19-21 | 22-24 | 25-27 || total
---------------------------+-------+-------+-------+-------+-------+-------+-------+-------+-------++-------
  Melee: Unarmed           |    36 |   222 |   262 |   571 |   863 |  1198 |   925 |   998 |   181 ||  5256
         Punch             |       |     8 |    15 |    46 |    94 |    13 |       |    96 |       ||   272
  Throw: Dart              |       |       |     4 |     7 |       |       |       |       |     1 ||    12
         Large rock        |       |       |       |       |       |    12 |       |       |       ||    12
 Invoke: Draw Escape       |       |       |       |     4 |     4 |     2 |     4 |     1 |       ||    15
         Draw Destruction  |       |       |       |     5 |    29 |    29 |    14 |       |       ||    77
         Draw Summoning    |       |       |       |     4 |    11 |    16 |     6 |       |       ||    37
         Stack Five        |       |       |       |       |     1 |       |     1 |     1 |       ||     3
         Draw Stack        |       |       |       |       |       |       |     1 |     2 |       ||     3
         Deal Four         |       |       |       |       |       |       |     1 |       |       ||     1
Ability: Blinkbolt         |       |       |       |       |       |       |       |    66 |       ||    66
         Siphon Essence    |       |       |       |       |       |       |       |       |     1 ||     1
  Evoke: Wand              |       |       |       |     2 |     2 |     4 |     5 |       |     3 ||    16
    Use: Scroll            |     2 |    13 |     9 |     9 |     1 |     5 |     1 |    16 |     4 ||    60
         Potion            |     1 |     1 |     1 |     3 |     4 |       |     1 |       |       ||    11
   Stab: Sleeping          |     1 |     3 |    13 |     4 |     2 |     5 |     3 |       |       ||    31
         Distracted        |       |       |     1 |     2 |     1 |     8 |     2 |     3 |       ||    17
 Armour: Robe              |    16 |   127 |   187 |    78 |       |       |       |       |       ||   408
         Steam dragon scal |       |       |       |   104 |       |       |       |       |       ||   104
         Troll leather arm |       |       |       |   234 |   735 |   545 |       |       |       ||  1514
         Skin              |       |       |       |       |       |   321 |  1141 |   309 |       ||  1771
         Gold dragon scale |       |       |       |       |       |       |       |   265 |    86 ||   351
  Dodge: Dodged            |    12 |   101 |   105 |   249 |   458 |   488 |   372 |   536 |    11 ||  2332
  Block: Kite shield       |       |       |       |       |       |   479 |   637 |   188 |    71 ||  1375
         Reflection        |       |       |       |       |       |       |       |     1 |     4 ||     5
   Form: Statue            |       |       |       |       |       |     2 |     1 |     1 |       ||     4
                           |       |       |       |       |       |     1 |     1 |       |       ||     2
         Serpent           |       |       |       |       |       |     1 |       |       |       ||     1
         Storm             |       |       |       |       |       |       |       |     2 |       ||     2
         Death             |       |       |       |       |       |       |       |     1 |       ||     1
